 Dungeon Crawl Stone Soup version 0.26-a0-651-gb41185065b (webtiles) character file.

Game seed: 2346072649056707306

38736 Flugslaktarn the Cleaver (level 13, -1/127 HPs)
             Began as a Deep Dwarf Fighter on Oct 6, 2020.
             Was the Champion of Makhleb.
             Slain by an eight-headed hydra (4 damage)
             ... on level 15 of the Dungeon.
             The game lasted 00:07:24 (9138 turns).

Flugslaktarn the Cleaver (Deep Dwarf Fighter)       Turns: 9138, Time: 00:07:25

Health: -1/127     AC: 23    Str: 24    XL:     13   Next: 65%
Magic:  4/11       EV:  9    Int: 10    God:    Makhleb [******]
Gold:   1012       SH: 12    Dex: 12    Spells: 12/12 levels left

rFire    . . .     SeeInvis .   I - +5 broad axe
rCold    . . .     Faith    +   j - +0 kite shield
rNeg     . . .     Spirit   .   u - +0 plate armour
rPois    +         Reflect  .   (no helmet)
rElec    .         Harm     .   e - +2 cloak {rCorr}
rCorr    +         Rampage  .   v - +0 pair of gloves
MR       +....                  (no boots)
Stlth    ..........             w - amulet of faith
HPRegen  0.00/turn              p - +4 ring of protection
MPRegen  0.12/turn              o - ring of poison resistance

@: non-regenerating, slowed, very slow
A: damage resistance, heal wounds, sense surroundings 2, no regeneration
a: Heal Wounds, Minor Destruction, Lesser Servant of Makhleb, Major Destruction,
Greater Servant of Makhleb, Renounce Religion


You were on level 15 of the Dungeon.
You worshipped Makhleb.
Makhleb was exalted by your worship.
You visited 1 branch of the dungeon, and saw 15 of its levels.

You collected 1012 gold pieces.

Inventory:

Hand Weapons
 H - a +5 war axe
   (You found it on level 15 of the Dungeon)
 I - a +5 broad axe (weapon)
   (You took it off a tengu warrior on level 13 of the Dungeon)
Missiles
 z - 3 throwing nets (quivered)
Armour
 e - a +2 cloak of preservation (worn)
   (You found it on level 7 of the Dungeon)
 j - a +0 kite shield (worn)
 u - a +0 plate armour (worn)
   (You found it on level 6 of the Dungeon)
 v - a +0 pair of gloves (worn)
   (You found it on level 6 of the Dungeon)
 J - a +1 pair of boots
   (You found it on level 15 of the Dungeon)
Jewellery
 c - a cursed ring of teleportation {unknown}
   (You found it on level 15 of the Dungeon)
 l - a +6 ring of dexterity
   (You found it on level 8 of the Dungeon)
 o - a ring of poison resistance (right hand)
   (You found it on level 10 of the Dungeon)
 p - a +4 ring of protection (left hand)
   (You found it on level 8 of the Dungeon)
 s - an uncursed ring of magical power {unknown}
   (You found it on level 13 of the Dungeon)
 w - an amulet of faith (around neck)
   (You found it on level 8 of the Dungeon)
 B - an uncursed ring of stealth {unknown}
   (You found it on level 12 of the Dungeon)
Wands
 a - a wand of paralysis (8)
   (You found it on level 13 of the Dungeon)
 b - a wand of iceblast (8)
   (You found it on level 8 of the Dungeon)
 f - a wand of enslavement (17)
   (You took it off an orc wizard on level 8 of the Dungeon)
 k - a wand of digging (5)
   (You found it on level 8 of the Dungeon)
Scrolls
 t - a scroll of teleportation
 x - a scroll of remove curse
 y - a scroll of immolation
 D - 2 scrolls of vulnerability
 E - 2 scrolls of fog
Potions
 d - 3 potions of might
 g - 2 potions of lignification
 h - 2 potions of haste
 i - a potion of cancellation
 m - 3 potions of flight
 n - 2 potions of resistance
 q - 9 potions of curing
 r - a potion of magic {unknown}
 A - 2 potions of mutation {unknown}
 C - 3 potions of heal wounds {unknown}
 F - a potion of invisibility {unknown}
 G - a potion of brilliance {unknown}


   Skills:
 * Level 11.1 Fighting
 * Level 12.7 Axes
 + Level 9.6 Armour
 + Level 6.6 Dodging
 + Level 9.8 Shields
 * Level 12.2 Invocations
 + Level 7.9 Evocations


You had 12 spell levels left.
You didn't know any spells.
Your spell library was empty.

Dungeon Overview and Level Annotations

Branches:
Dungeon (15/15)            Temple (0/1) D:7            Lair (0/6) D:8
    Orc (0/2) D:10         Depths (0/5) D:15
 Vaults: D:13-14

Altars:
Ashenzari
Dithmenos
Elyvilon
Hepliaklqana
Makhleb
Qazlal
Uskayaw
Vehumet
Wu Jian
Xom
Zin
Beogh

Shops:
D:11 =

Annotations:
D:6 2 transporters, Ozzies's ghost, novice TrMo
D:9 3 runed translucent doors


Innate Abilities, Weirdness & Mutations

You are resistant to damage.
You can heal yourself by infusing magical energy.
You passively map the area around you.
You do not regenerate.


Message History

You are too injured to fight recklessly!
You are too injured to fight recklessly!
You are too injured to fight recklessly!
You are too injured to fight recklessly!
You are too injured to fight recklessly!
You are too injured to fight recklessly!
A demon appears!
The eight-headed hydra bites you but does no damage.
You block the eight-headed hydra's attack. x2
The eight-headed hydra bites you but does no damage. x3
The eight-headed hydra bites you!
* * * LOW HITPOINT WARNING * * *
The eight-headed hydra bites you but does no damage.
The freezing wraith barely misses you. The freezing wraith hits you.
The freezing wraith drains your vigour!
You feel as though you will be slow longer.
The centaur unwields a +0 shortbow.
You block the centaur's attack.
The eight-headed hydra bites you but does no damage.
The eight-headed hydra bites you.
You die...

* , ##..##.# #.#(##.... ,
,#..###.# ##.#.##.### ,, ,
#)## #.# #...(#...^. , ,.
,* #.# #.###...((.#.##
.#.####.####.#......#...#
**....c............####.###
*, ##.....#.###.....# #.# ,
#..##G#c#............# *
#., #.ZD@...###.###### *
.......)W...## #.#
,...?.####4...# #.# ** * *
, ,<.. * ####..##.# *** ,
.. * #.# * , , . , .# , , ,
, * ** **,. ,, , ,,. * , ,
,, * * *


You could see an eight-headed hydra, a freezing wraith, an eye of draining, a
centaur, a centaur warrior zombie and a friendly hellwing (summoned).

Vanquished Creatures
  Frances (D:12)
  Snorg (D:10)
  An ogre mage (D:15)
  A quicksilver dragon skeleton (D:15)
  9 two-headed ogres
  2 centaur warriors
  2 tengu warriors (D:13)
  A skeletal warrior (D:15)
  3 unseen horrors
  A tengu zombie (D:15)
  A phantasmal warrior (D:15)
  3 deep elf magi
  A necromancer (D:15)
  A cyclops (D:14)
  A frost giant zombie (D:15)
  A manticore (D:12)
  8 ugly things
  An elephant (D:8)
  A komodo dragon (D:14)
  A guardian mummy (D:15)
  A tengu conjurer (D:13)
  A troll (D:15)
  2 hornets
  2 hippogriffs
  4 slime creatures (D:15)
  A wraith (D:12)
  An ice dragon zombie (D:15)
  4 shadows
  A wyvern (D:8)
  14 yaks
  3 vampire mosquitoes (D:15)
  3 acid dragons
  Edmund (D:4)
  14 orc warriors
  2 ice beasts
  A black bear (D:8)
  4 sky beasts
  9 ogres
  An eye of draining (D:8)
  19 centaurs
  4 big kobolds
  4 crocodiles
  Blork the orc (D:5)
  2 gnoll sergeants
  12 bullfrogs
  6 scorpions
  A howler monkey (D:8)
  11 wights
  Crazy Yiuf (D:2)
  3 jellies
  3 bullfrog skeletons
  3 bullfrog zombies
  3 centaur zombies
  3 hounds
  16 orc wizards
  13 orc priests
  3 iron imps (D:5)
  8 centaur skeletons
  2 iguanas
  7 worker ants
  A hound zombie (D:8)
  A hound skeleton (D:8)
  24 gnolls
  8 adders
  A shadow imp (D:10)
  6 white imps
  5 ufetubi
  2 adder zombies
  3 worms
  3 adder skeletons
  2 dart slugs
  5 leopard geckos
  56 orcs
  A ball python (D:8)
  3 bats
  5 giant cockroaches
  4 hobgoblins
  12 jackals
  2 quokkas
  2 frilled lizards
  3 goblins
  2 jackal zombies
  23 kobolds
  2 leopard gecko skeletons (D:5)
  3 rats
  A toadstool (D:7)
415 creatures vanquished.

Vanquished Creatures (collateral kills)
  2 hydras
  An ugly thing (D:12)
3 creatures vanquished.

Vanquished Creatures (others)
  A wight (D:15)
  3 fungi
  A plant (D:8)
  3 toadstools (D:7)
8 creatures vanquished.

Grand Total: 426 creatures vanquished

Notes
Turn   | Place    | Note
-------+----------+-------------------------------------------
     0 | D:1      | Flugslaktarn the Deep Dwarf Fighter began the quest for the
                  | Orb.
     0 | D:1      | Reached XP level 1. HP: 20/20 MP: 1/1
    59 | D:1      | Reached XP level 2. HP: 20/27 MP: 2/2
   346 | D:2      | Found a runed translucent door.
   347 | D:2      | Noticed Crazy Yiuf
   394 | D:2      | Reached XP level 3. HP: 32/34 MP: 3/3
   428 | D:2      | Killed Crazy Yiuf
   506 | D:3      | Reached XP level 4. HP: 42/42 MP: 4/4
   594 | D:5      | Entered Level 5 of the Dungeon
   606 | D:5      | Reached XP level 5. HP: 35/50 MP: 4/4
   627 | D:5      | Reached XP level 6. HP: 38/57 MP: 4/4
   744 | D:4      | Found a broken altar of Ashenzari.
   888 | D:4      | Reached skill level 5 in Axes
   935 | D:4      | Noticed Edmund
   951 | D:4      | Killed Edmund
   951 | D:4      | Reached XP level 7. HP: 53/66 MP: 5/5
   986 | D:4      | Reached skill level 5 in Fighting
  1211 | D:5      | Reached skill level 5 in Shields
  1440 | D:5      | Noticed Blork the orc
  1444 | D:5      | Killed Blork the orc
  1444 | D:5      | Reached skill level 5 in Armour
  1556 | D:5      | Found a burning altar of Makhleb.
  1587 | D:5      | Became a worshipper of Makhleb the Destroyer
  1641 | D:6      | Noticed Ozzies's ghost (novice TrMo)
  1642 | D:6      | Found a transporter.
  1650 | D:6      | Reached XP level 8. HP: 55/75 MP: 6/6
  1683 | D:6      | Reached skill level 1 in Invocations
  1826 | D:6      | Found a hide-covered altar of Uskayaw.
  2205 | D:6      | Found a transporter.
  2222 | D:6      | Reached * piety under Makhleb
  2681 | D:7      | Found an ornate altar of the Wu Jian Council.
  2790 | D:7      | Found a staircase to the Ecumenical Temple.
  2934 | D:7      | Gained mutation: You passively map the area around you.
                  | [Deep Dwarf growth]
  2934 | D:7      | Reached XP level 9. HP: 30/85 MP: 6/6
  3155 | D:7      | Found a white marble altar of Elyvilon.
  3165 | D:7      | Found a radiant altar of Vehumet.
  3392 | D:8      | Found a staircase to the Lair.
  3392 | D:8      | Noticed an elephant
  3419 | D:8      | Killed an elephant
  3428 | D:8      | Reached ** piety under Makhleb
  3594 | D:8      | Reached skill level 5 in Invocations
  3635 | D:8      | Reached XP level 10. HP: 79/96 MP: 8/8
  4216 | D:8      | Reached *** piety under Makhleb
  4362 | D:9      | Found a shadowy altar of Dithmenos.
  4393 | D:9      | Found a hazy altar of Hepliaklqana.
  4393 | D:9      | Found an ornate altar of the Wu Jian Council.
  4399 | D:9      | Found a glowing silver altar of Zin.
  4498 | D:9      | Reached skill level 1 in Dodging
  4517 | D:9      | Reached skill level 1 in Evocations
  4709 | D:9      | Found a runed translucent gate.
  4709 | D:9      | Found a runed translucent gate.
  4710 | D:9      | Noticed a brown ugly thing
  4710 | D:9      | Noticed a white ugly thing
  4710 | D:9      | Noticed a red ugly thing
  4711 | D:9      | Found a runed translucent gate.
  4711 | D:9      | Noticed a brown ugly thing
  4711 | D:9      | Noticed a brown ugly thing
  5040 | D:10     | Entered Level 10 of the Dungeon
  5050 | D:10     | Reached **** piety under Makhleb
  5136 | D:10     | Found a roughly hewn altar of Beogh.
  5249 | D:10     | Paralysed by a hornet for 1 turns
  5253 | D:10     | Paralysed by a hornet for 2 turns
  5341 | D:10     | Reached skill level 10 in Axes
  5583 | D:10     | Reached ***** piety under Makhleb
  5583 | D:10     | Reached XP level 11. HP: 104/104 MP: 10/10
  5686 | D:10     | Got a faintly glowing chain mail
  5697 | D:10     | Identified the +1 chain mail of Divine Compulsion {Harm
                  | *Corrode rElec Int+5} (You found it on level 10 of the
                  | Dungeon)
  5703 | D:10     | Noticed Snorg
  5830 | D:10     | Found a staircase to the Orcish Mines.
  5936 | D:10     | Killed Snorg
  5994 | D:11     | Found Meysonwaer's Jewellery Boutique.
  6136 | D:11     | Found a shimmering altar of Xom.
  6165 | D:11     | Noticed a red ugly thing
  6185 | D:11     | Killed a red ugly thing
  6329 | D:11     | Paralysed by a hornet for 3 turns
  6423 | D:11     | Killed an unseen horror
  6473 | D:11     | Noticed a four-headed hydra
  6483 | D:11     | Killed a four-headed hydra
  6878 | D:12     | Killed an unseen horror
  6971 | D:12     | Reached skill level 5 in Evocations
  7090 | D:12     | Noticed a green ugly thing
  7101 | D:12     | Killed a green ugly thing
  7182 | D:12     | Noticed Frances
  7210 | D:12     | Killed Frances
  7210 | D:12     | Reached XP level 12. HP: 105/116 MP: 6/8
  7252 | D:12     | Noticed a two-headed ogre
  7265 | D:12     | Killed a two-headed ogre
  7436 | D:12     | Noticed a two-headed ogre
  7448 | D:12     | Killed a two-headed ogre
  7607 | D:13     | Found a stormy altar of Qazlal.
  7647 | D:13     | Reached skill level 10 in Invocations
  7664 | D:13     | Noticed a tengu warrior
  7667 | D:13     | Noticed a centaur warrior
  7687 | D:13     | Killed a centaur warrior
  7687 | D:13     | Reached skill level 10 in Fighting
  7687 | D:13     | Reached skill level 5 in Dodging
  7697 | D:13     | Killed a tengu warrior
  7732 | D:13     | Reached ****** piety under Makhleb
  8069 | D:13     | Noticed a tengu warrior
  8102 | D:13     | Killed a tengu warrior
  8425 | D:14     | Noticed a centaur warrior
  8444 | D:14     | Killed a centaur warrior
  8647 | D:14     | Noticed a four-headed hydra
  8655 | D:14     | Killed a five-headed hydra
  8665 | D:14     | You fall into a shaft and drop 1 floor!
  8665 | D:15     | Entered Level 15 of the Dungeon
  8665 | D:15     | Found a staircase to the Depths.
  8691 | D:15     | Reached XP level 13. HP: 84/124 MP: 10/10
  8878 | D:15     | Paralysed by an ogre mage for 5 turns
  9138 | D:15     | HP: 3/127 [eight-headed hydra (9)]
  9138 | D:15     | Slain by an eight-headed hydra

Illustrated notes

Levels and vault maps discovered:
D:1:      wheals_arrival_shading, layout_rooms
D:2:      layout_rooms, lemuel_coloured_pillars_altar, old_standard_altar,
          uniq_crazy_yiuf_cottage
D:3:      layout_loops_ring, kiku_gazebo_pond_becter, okawaru_trees_2, uniq_ijyb
D:4:      layout_loops_ring, ashenzari_altar_1, kennysheep_generic_room_11,
          uniq_edmund
D:5:      layout_rooms, demons_altar, uniq_blork_the_orc
D:6:      layout_loops_corners, lemuel_crystal_altar, gammafunk_ghost_arena,
          serial_glass, glass_columns_b, glass_columns_a, item_on_display_a
D:7:      minmay_cornered_nines, layout_basic, vehumet_crystals,
          nicolae_overflow_hidden_temple, minmay_temple_entry_proselytizer,
          basic_altar, minmay_gold_behind_fungi
D:8:      layout_basic, david_lair_generic, grunt_decor_arrowhead,
          hangedman_minor_gate_pass, uniq_maurice
D:9:      layout_roguey, nicolae_dithmenos_the_darkroom,
          grunt_temple_overflow_open,
          ploomutoo_gammafunk_ghost_potion_laboratory
D:10:     layout_roguey [special_room_orc], david_orc_4, kennysheep_cross_room,
          uniq_snorg
D:11:     layout_roguey, basic_altar, serial_shops, shop_statue,
          chequers_serial_rivers_marsh
D:12:     layout_roguey, uniq_frances
D:13:     layout_long_grid, chequers_serial_rivers_marsh, grunt_qazlal_clouds
D:14:     layout_irregular_city, lightli_vaults_fourway_checkpoint,
          nicolae_ru_the_path_less_chosen
D:15:     gammafunk_depths_entry_grave, layout_rooms, serial_shops, shop,
          chequers_serial_rivers_small_a

Skill      XL: |  1  2  3  4  5  6  7  8  9 10 11 12 13 |
---------------+----------------------------------------+-----
Fighting       | 3 4 5 6 7 8 9 10 11 | 11.1
Axes           | 3 4 5 6 7 9 10 11 12 | 12.7
Shields        | 4 5 6 7 8 9 |  9.8
Armour         | 4 5 6 7 8 9 |  9.6
Invocations    | 3 5 7 9 11 12 | 12.2
Dodging        | 2 4 5 6 |  6.6
Evocations     | 3 5 6 7 |  7.9

Action                   |  1- 3 |  4- 6 |  7- 9 | 10-12 | 13-15 || total
-------------------------+-------+-------+-------+-------+-------++-------
Melee: War axe           |    75 |   100 |   409 |   910 |       ||  1494
       Broad axe         |       |       |       |   150 |   236 ||   386
Invok: Lesser Servant of |       |       |       |     9 |     1 ||    10
 Abil: Heal Wounds       |     2 |     6 |    20 |    28 |     2 ||    58
Evoke: Wand              |       |       |       |    11 |     1 ||    12
  Use: Scroll            |       |       |    12 |    11 |       ||    23
       Potion            |       |       |       |     1 |       ||     1
 Stab: Paralysed         |       |       |       |     7 |       ||     7
Armor: Scale mail        |    30 |    42 |    56 |       |       ||   128
       Plate armour      |       |       |   184 |   636 |   148 ||   968
       Chain mail        |       |       |       |    14 |       ||    14
       Skin              |       |       |       |    25 |    26 ||    51
Dodge: Dodged            |    24 |    42 |    84 |   279 |    89 ||   518
Block: Kite shield       |    47 |    57 |   246 |   740 |   139 ||  1229

Table legend: (Time is in decaauts)
 A = Elapsed time spent in this place.
 B = Non-inter-level travel time spent in this place.
 C = Inter-level travel time spent in this place.
 D = Time resting spent in this place.
 E = Time spent auto-exploring this place.
 F = Levels seen in this place.
 G = Mean time per level.
                   A        B        C        D        E       F      G
               +--------+--------+--------+--------+--------+-----+--------+
         Total |   9417 |   9058 |    359 |     13 |   5772 |  15 |  627.8 |
       Dungeon |   9417 |   9058 |    359 |     13 |   5772 |  15 |  627.8 |
               +--------+--------+--------+--------+--------+-----+--------+

Top non-repeatable levels by time:
     D:8: 1078 daAuts
     D:6: 1072 daAuts
    D:10: 949 daAuts
    D:12: 893 daAuts
    D:13: 879 daAuts
     D:9: 691 daAuts
     D:7: 688 daAuts
    D:11: 676 daAuts
     D:4: 640 daAuts
     D:5: 516 daAuts
    D:15: 492 daAuts
     D:2: 336 daAuts
    D:14: 267 daAuts
     D:1: 155 daAuts
     D:3: 78 daAuts
